AoeStats
← 185双开门

Arena

507690097Analyzed
4v4 RM · 14d ago on Sep 19, 2026· 37m 37s· 8 players
Game mode
Random Map
Map size
Large (8 player)
Population
200
Speed
Normal
Resources
Standard
Victory
Conquest
Starting age
Dark Age
Ending age
Imperial Age
RankedLock teamsTeams togetherTeam positionsShared explorationLock speedFull tech treeHidden civsTurbo modeCheats
Victory
Defeat
🇨🇳 Huns · China
1583
+11
🇨🇳 Byzantines · China
1509
+14
🇨🇳 Shu · China
1494
+14
🇨🇳 Persians · China
1406
+18
🇨🇳 Jurchens · China
1508
-16
🇭🇰 Saracens · Hong Kong SAR China
1458
-14
🇨🇳 Burgundians · China
1451
-14
🇪🇸 Persians · Spain
1420
-13
KIRA
11:10 Feudal Age
14:40 Castle Age
12:40 Double-Bit Axe
12:52 Horse Collar
15:31 Bow Saw
15:23 Heavy Plow
21:08 Gold Mining
21:36 Town Watch
22:28 Wheelbarrow
22:46 Gold Shaft Mining
22:39 Loom
23:17 Stone Mining
23:44 Hand Cart
28:45 Imperial Age
26:28 Forging
26:24 Scale Barding Armor
27:46 Iron Casting
27:33 Bloodlines
27:27 Husbandry
28:44 Chain Barding Armor
28:26 Cavalier
29:33 Conscription
30:49 Plate Barding Armor
31:16 Blast Furnace
31:08 Savar
34:15 Chemistry
34:42 Padded Archer Armor
NorthOrigin
10:06 Feudal Age
13:49 Castle Age
12:09 Double-Bit Axe
13:23 Horse Collar
15:54 Bow Saw
22:37 Wheelbarrow
23:32 Gold Mining
25:02 Loom
25:04 Town Watch
28:33 Imperial Age
26:41 Gold Shaft Mining
26:58 Stone Mining
27:19 Fletching
27:55 Bodkin Arrow
28:22 Ballistics
28:12 Masonry
28:43 Fortified Bastions
28:48 Padded Archer Armor
29:25 Bloodlines
29:15 Husbandry
28:37 Heavy Cavalry Archer
29:28 Bracer
30:00 Conscription
31:03 Chemistry
30:42 Husbandry
31:01 Leather Archer Armor
33:12 Ring Archer Armor
34:55 Scale Mail Armor
35:08 Scale Barding Armor
35:49 Scale Mail Armor
35:54 Squires
35:15 Pikeman
谢por
9:52 Feudal Age
14:32 Castle Age
13:06 Double-Bit Axe
19:08 Horse Collar
22:20 Bow Saw
23:56 Wheelbarrow
24:03 Heavy Plow
24:02 Gold Mining
25:20 Hand Cart
26:32 Two-Man Saw
26:35 Crop Rotation
29:56 Imperial Age
27:13 Loom
27:39 Scale Barding Armor
27:47 Town Watch
28:42 Chain Barding Armor
29:11 Fortified Wall
29:20 Husbandry
28:40 Cavalier
31:42 Plate Barding Armor
31:18 Forging
30:45 Paladin
32:24 Squires
32:10 Arson
31:45 Pikeman
31:48 Light Cavalry
33:35 Halberdier
34:09 Hussar
36:06 Burgundian Vineyards
38:04 Iron Casting
37:30 Scale Mail Armor
大庆Song
7:20 Loom
11:42 Feudal Age
13:15 Wheelbarrow
15:45 Castle Age
13:51 Stone Mining
14:54 Horse Collar
15:38 Double-Bit Axe
16:09 Gold Mining
17:27 Heavy Plow
23:20 Forging
25:12 Gold Mining
29:09 Imperial Age
27:24 Bow Saw
27:22 Scale Barding Armor
28:06 Bloodlines
28:49 Gold Shaft Mining
29:19 Chain Barding Armor
30:54 Chemistry
30:35 Iron Casting
31:36 Plate Barding Armor
31:56 Fletching
32:19 Masonry
33:19 Ballistics
32:56 Bodkin Arrow
34:02 Blast Furnace
34:17 Conscription
33:59 Bracer
34:00 Padded Archer Armor
33:59 Murder Holes
33:33 Crossbowman
34:19 Thumb Ring
33:58 Elite Skirmisher
35:06 Hand Cart
36:06 Arbalester
37:09 Leather Archer Armor
36:45 Light Cavalry
37:25 Husbandry
36:48 Arbalester
给你一棒槌
10:08 Feudal Age
14:29 Castle Age
12:44 Double-Bit Axe
12:50 Horse Collar
15:42 Bow Saw
19:47 Heavy Plow
22:19 Wheelbarrow
21:40 Gold Mining
23:12 Gold Shaft Mining
26:55 Imperial Age
25:14 Hand Cart
25:40 Fletching
25:30 Crossbowman
26:18 Padded Archer Armor
26:19 Bodkin Arrow
26:39 Thumb Ring
27:02 Ballistics
26:37 Town Watch
26:38 Loom
27:31 Leather Archer Armor
28:51 Chemistry
27:22 Arbalester
28:12 Bracer
28:38 Conscription
29:30 Bolt Magazine
29:58 Siege Engineers
30:39 Ring Archer Armor
31:23 Scale Mail Armor
32:53 Pikeman
33:34 Squires
33:55 Chain Mail Armor
36:54 Two-Man Saw
36:00 Halberdier
36:26 Arson
37:13 Plate Mail Armor
36:53 Forging
shenxu
10:48 Feudal Age
14:27 Castle Age
12:20 Double-Bit Axe
12:49 Horse Collar
15:29 Bow Saw
15:22 Heavy Plow
16:35 Wheelbarrow
23:00 Hand Cart
27:54 Imperial Age
25:30 Gold Mining
26:10 Fletching
26:42 Ballistics
27:02 Bodkin Arrow
27:47 Gold Shaft Mining
28:00 Husbandry
28:11 Bloodlines
28:12 Stone Mining
28:37 Bracer
29:39 Chemistry
28:53 Thumb Ring
29:53 Two-Man Saw
28:39 Heavy Cavalry Archer
29:59 Conscription
29:43 Padded Archer Armor
29:17 Pikeman
29:58 Squires
29:59 Scale Mail Armor
31:03 Parthian Tactics
30:55 Leather Archer Armor
32:00 Chain Mail Armor
31:11 Halberdier
32:41 Forging
32:24 Loom
32:25 Town Watch
32:51 Masonry
34:44 Caravan
34:41 Murder Holes
35:47 Iron Casting
35:15 Elite Tarkan
35:57 Marauders
37:04 Scale Barding Armor
38:00 Blast Furnace
38:11 Chain Barding Armor
雀巢阿帆
11:01 Feudal Age
14:35 Castle Age
12:55 Double-Bit Axe
13:11 Horse Collar
15:39 Bow Saw
20:36 Wheelbarrow
20:32 Loom
22:13 Heavy Plow
24:16 Fletching
24:27 Padded Archer Armor
27:13 Imperial Age
25:01 Gold Mining
25:39 Stone Mining
26:02 Bodkin Arrow
26:22 Leather Archer Armor
27:09 Ballistics
26:31 Treadmill Crane
27:42 Gold Shaft Mining
27:43 Stone Shaft Mining
26:38 Elite Skirmisher
27:51 Thumb Ring
28:28 Bracer
29:29 Chemistry
29:27 Ring Archer Armor
29:01 Squires
28:21 Pikeman
29:25 Scale Mail Armor
29:36 Forging
29:57 Halberdier
32:06 Two-Man Saw
31:56 Conscription
32:59 Chain Mail Armor
34:59 Plate Mail Armor
35:05 Iron Casting
36:39 Bombard Tower
36:35 Fortified Wall
37:05 Arson
185双开门
10:49 Feudal Age
11:53 Double-Bit Axe
14:42 Castle Age
15:55 Wheelbarrow
15:31 Bow Saw
15:03 Horse Collar
16:20 Heavy Plow
22:08 Hand Cart
21:39 Loom
23:48 Stone Mining
23:48 Gold Mining
25:51 Stone Shaft Mining
25:51 Gold Shaft Mining
30:15 Imperial Age
29:45 Bloodlines
29:35 Husbandry
29:41 Scale Barding Armor
29:46 Forging
30:44 Chain Barding Armor
30:50 Chain Barding Armor
31:52 Iron Casting
31:59 Iron Casting
30:52 Elite War Elephant
31:53 Conscription
32:09 Plate Barding Armor
32:34 Devotion
33:50 Blast Furnace
33:12 Fletching
32:46 Light Cavalry
33:58 Fletching
34:04 Hussar
34:40 Bodkin Arrow
35:26 Town Watch
35:57 Guilds
37:09 Crop Rotation
37:50 Hoardings
37:15 Kamandaran
Connection lost

Rejoining the realm…

Still unreachable

The connection could not be restored.

Session expired

The server has moved on; the page needs a fresh start.